 Dungeon Crawl Stone Soup version 0.27.0-1-g7a089689b8 (webtiles) character file.

Game seed: 4567175051681989549

1922 Strat the Grappler (level 9, -2/74 HPs)
             Began as a Ghoul Arcane Marksman on Aug 5, 2021.
             Was an Initiate of Yredelemnul.
             Slain by an ogre (5 damage)
             ... on level 7 of the Dungeon.
             The game lasted 00:16:35 (8814 turns).

Strat the Grappler (Ghoul Arcane Marksman)          Turns: 8814, Time: 00:16:36

Health: -2/74      AC:  8    Str: 17    XL:     9   Next: 17%
Magic:  9/9        EV:  9    Int:  8    God:    Yredelemnul [......]
Gold:   237        SH:  0    Dex:  9    Spells: 7/10 levels left

rFire    . . .     SeeInvis .     - Unarmed
rCold    + . .     Faith    .   (no shield)
rNeg     + + +     Spirit   .   l - +0 scale mail
rPois    ∞         Reflect  .   (no helmet)
rElec    .         Harm     .   o - +0 cloak
rCorr    +         Rampage  .   (no gloves)
Will     .....                  (no boots)
Stlth    ..........             (no amulet)
HPRegen  0.00/turn              s - ring of wizardry
MPRegen  0.11/turn              z - ring of resist corrosion

@: about to teleport, inhibited regen, studying Staves
A: claws 1, cold resistance 1, negative energy resistance 3, inhibited
regeneration, torment resistance 2
a: Renounce Religion


You were on level 7 of the Dungeon.
You worshipped Yredelemnul.
Yredelemnul was noncommittal.
You visited 2 branches of the dungeon, and saw 8 of its levels.

You collected 237 gold pieces.

Inventory:

Hand Weapons
 b - a +0 shortbow
 d - a +1 hunting sling
Missiles
 c - 90 arrows
 n - a throwing net
 p - 77 sling bullets
 r - 138 stones (quivered)
Armour
 a - a +0 robe
 l - a +0 scale mail (worn)
 o - a +0 cloak (worn)
Jewellery
 m - a ring of magical power
 s - a ring of wizardry (left claw)
 z - a ring of resist corrosion (right claw)
Wands
 t - a wand of polymorph (4)
 y - a wand of paralysis (8)
Scrolls
 i - 3 scrolls of identify
 k - 2 scrolls of teleportation
 u - a scroll of fog {unknown}
 x - 2 scrolls of immolation
 A - a scroll of enchant armour {unknown}
 B - a scroll of blinking
Potions
 e - 2 potions of flight
 f - 2 potions of ambrosia {unknown}
 g - a potion of berserk rage {unknown}
 h - a potion of magic {unknown}
 j - a potion of brilliance {unknown}
 q - a potion of resistance {unknown}
 v - a potion of degeneration {unknown}
 w - a potion of attraction {unknown}
 C - a potion of lignification {unknown}


   Skills:
 + Level 5.6 Fighting
 - Level 1.8 Bows
 + Level 3.6 Armour
 - Level 1.8 Dodging
 + Level 10.2 Unarmed Combat
 - Level 1.0 Spellcasting
 - Level 2.4 Hexes


You had 7 spell levels left.
You knew the following spells:

 Your Spells              Type           Power      Damage    Failure   Level
a - Corona                Hex            4%         N/A       19%         1
b - Slow                  Hex            4%         N/A       26%         2

Your spell library contained the following spells:

 Spells                   Type           Power      Damage    Failure   Level
 Confusing Touch          Hex            4%         N/A       45%         3
 Inner Flame              Hex/Fire       2%         N/A       65%         3
 Portal Projectile        Hex/Tloc       4%         N/A       65%         3
 Ozocubu's Armour         Ice            0%         N/A       80%         3
 Cause Fear               Hex            2%         N/A       86%         4
 Fulminant Prism          Conj/Hex       1%         3d6       95%         4
 Iskenderun's Mystic Bla  Conj/Tloc      0%         2d3       99%         4
 Lee's Rapid Deconstruct  Erth           0%         3d5*      100%        5
 Yara's Violent Unravell  Hex/Tmut       1%         3d3       100%        5
 Ozocubu's Refrigeration  Ice            0%         4d5       100%        7


Dungeon Overview and Level Annotations

Branches:
Dungeon (7/15)             Temple (1/1) D:5

Altars:
Cheibriados
Dithmenos
Elyvilon
Fedhas
Hepliaklqana
Makhleb
Nemelex Xobeh
Okawaru
Qazlal
Ru
Sif Muna
Trog
Uskayaw
Vehumet
Xom
Yredelemnul
Zin
The Shining One

Shops:
D:6 (?

Annotations:
D:3 Sigmund
D:6 Maggie


Innate Abilities, Weirdness & Mutations

You thrive by killing the living.
You are immune to poison.
You have sharp fingernails.
Your flesh is cold resistant. (rC+)
You are immune to negative energy. (rN+++)
You do not regenerate when monsters are visible.
You are immune to unholy pain and torment.


Message History

* * * LOW HITPOINT WARNING * * *
The killer bee stings you!
* * * LOW HITPOINT WARNING * * *
You barely miss the killer bee. The killer bee barely misses you.
You closely miss the killer bee. The killer bee barely misses you.
The killer bee completely misses you.
You scratch the killer bee.
The killer bee is lightly wounded.
The killer bee completely misses you.
You miss the killer bee. Your claw misses the killer bee.
The killer bee is lightly wounded.
The killer bee stings you.
* * * LOW HITPOINT WARNING * * *
The killer bee stings you.
* * * LOW HITPOINT WARNING * * *
You closely miss the killer bee.
The killer bee is lightly wounded.
The killer bee stings you but does no damage. x2
You scratch the killer bee.
The killer bee is moderately wounded.
The killer bee stings you.
* * * LOW HITPOINT WARNING * * *
Okay, then.
As you read the scroll of teleportation, it crumbles to dust.
You feel strangely unstable.
The killer bee stings you but does no damage. x2
The killer bee stings you.
* * * LOW HITPOINT WARNING * * *
A goblin comes into view. It is wielding a +0 spear.
The goblin shouts!
You hear a shout!
The killer bee stings you but does no damage.
Your surroundings suddenly seem different.
An ogre comes into view. It is wielding a +0 giant club.
The ogre shouts!
As you read the scroll of teleportation, it crumbles to dust.
You feel strangely unstable.
A water moccasin comes into view.
The ogre hits you with a +0 giant club.
You die...
Yredelemnul claims you as an undead slave.

#########
........#
........#
......O@#
S.......#
........#
#########


You could see a water moccasin and an ogre.

Vanquished Creatures
  Prince Ribbit (D:6)
  A sky beast (D:7)
  An ogre (D:6)
  2 necrophages (D:5)
  A centaur (D:5)
  A phantom (D:6)
  Blork the orc (D:4)
  A bullfrog (D:7)
  2 scorpions
  2 jellies (D:6)
  2 water moccasin skeletons
  5 killer bees
  4 hounds
  3 bullfrog zombies
  Terence (D:2)
  An iguana (D:6)
  An orc wizard (D:4)
  2 hound skeletons (D:4)
  4 gnolls (D:5)
  2 howler monkey skeletons (D:4)
  9 adders
  3 worms
  3 dart slugs
  12 orcs
  8 ball pythons
  6 endoplasms
  5 giant cockroaches
  11 goblins
  7 hobgoblins
  9 jackals
  3 kobolds
  5 quokkas
  3 bats (D:1)
  5 frilled lizards
  3 rats
130 creatures vanquished.

Notes
Turn   | Place    | Note
-------+----------+-------------------------------------------
     0 | D:1      | Strat the Ghoul Arcane Marksman began the quest for the
                  | Orb.
     0 | D:1      | Reached XP level 1. HP: 16/16 MP: 1/1
   122 | D:1      | Reached skill level 1 in Unarmed Combat
   122 | D:1      | Reached XP level 2. HP: 23/23 MP: 2/2
   306 | D:1      | Found a faded altar of an unknown god.
   602 | D:1      | Reached skill level 2 in Unarmed Combat
   604 | D:1      | Reached XP level 3. HP: 29/29 MP: 3/3
  1632 | D:2      | Reached skill level 3 in Unarmed Combat
  1632 | D:2      | Reached XP level 4. HP: 20/37 MP: 4/4
  1984 | D:2      | Noticed Terence
  2015 | D:2      | Killed Terence
  2628 | D:2      | Reached XP level 5. HP: 40/44 MP: 5/5
  2754 | D:3      | Noticed Sigmund
  2968 | D:3      | Reached skill level 4 in Unarmed Combat
  3280 | D:3      | Found a snail-covered altar of Cheibriados.
  3460 | D:3      | Reached skill level 5 in Unarmed Combat
  3460 | D:3      | Reached XP level 6. HP: 46/51 MP: 6/6
  4326 | D:4      | Noticed Blork the orc
  4340 | D:4      | Killed Blork the orc
  4341 | D:4      | Reached skill level 6 in Unarmed Combat
  4531 | D:4      | Learned a level 2 spell: Slow
  4767 | D:4      | Reached XP level 7. HP: 57/59 MP: 7/7
  4921 | D:5      | Entered Level 5 of the Dungeon
  4969 | D:5      | Reached skill level 7 in Unarmed Combat
  5339 | D:5      | Found a staircase to the Ecumenical Temple.
  5350 | Temple   | Entered the Ecumenical Temple
  5497 | Temple   | Became a worshipper of Yredelemnul the Dark
  5691 | D:5      | Reached skill level 1 in Armour
  5961 | D:5      | Reached XP level 8. HP: 61/67 MP: 8/8
  6072 | D:5      | Reached skill level 5 in Fighting
  6262 | D:6      | Noticed Prince Ribbit
  6557 | D:6      | Killed Prince Ribbit
  6558 | D:6      | Reached skill level 8 in Unarmed Combat
  6709 | D:6      | Found Norphuod's Magic Scroll Shoppe.
  6742 | D:6      | Found Sukiac's Weapon Shop.
  7012 | D:6      | Reached skill level 9 in Unarmed Combat
  7598 | D:6      | Noticed Maggie
  8372 | D:6      | Reached skill level 10 in Unarmed Combat
  8380 | D:6      | Reached XP level 9. HP: 38/74 MP: 9/9
  8811 | D:7      | HP: 3/74 [killer bee (2)]
  8814 | D:7      | Slain by an ogre

Illustrated notes

Levels and vault maps discovered:
D:1:      shiori_arrival_elements, layout_basic,
          shapermc_ecumenical_altar_mp_vishouse
D:2:      minmay_chambers_of_ones, layout_rooms, uniq_terence
D:3:      layout_basic, slow_altar_2, uniq_sigmund
D:4:      minmay_opposing_rooms, layout_rooms, uniq_blork_the_orc
D:5:      layout_basic, minmay_temple_entry_waves
D:6:      layout_basic, marbit_many_paths, serial_shops, nicolae_shop_stone,
          nicolae_lakefront_shop, chequers_serial_rivers_micro_c,
          uniq_prince_ribbit1, uniq_maggie
D:7:      layout_rooms, ashenzari_conservatory_becter, enter_bailey_3,
          uniq_harold
Temple:   eino_temple_scatter_basement

Skill      XL: |  1  2  3  4  5  6  7  8 |
---------------+-------------------------+-----
Unarmed Combat | 1 2 3 5 6 7 10 | 10.2
Fighting       | 2 3 4 5 |  5.6
Armour         | 2 3 |  3.6
Bows           | |  1.8
Dodging        | |  1.8
Spellcasting   | |  1.0
Hexes          | |  2.4

Action                   |  1- 3 |  4- 6 |  7- 9 || total
-------------------------+-------+-------+-------++-------
Melee: Unarmed           |    50 |   273 |   189 ||   512
       Punch             |       |     4 |     8 ||    12
 Fire: Shortbow          |    72 |    18 |    82 ||   172
Evoke: Wand              |       |       |     2 ||     2
  Use: Scroll            |       |       |    14 ||    14
       Potion            |       |       |     2 ||     2
Armor: Robe              |    33 |       |       ||    33
       Scale mail        |       |    85 |    87 ||   172
Dodge: Dodged            |    85 |   116 |   109 ||   310
